groovejumper, neutral female human Wizard ------- ---------- |......###### |......^.-#######)##%######### |...<.| # |..>.[...| # |.....| ##.........)## ### |.....| ---.-.----# # |.....| # 0##### ### ------- # # ### ### # # ---------------- ### | ##########-..............| #### ....| # # |..............| ------.--- - # ##...............| .........| # |.............[| |........| # ---------------- |.....[.^. # |........| d@######### ---------- groovejumper the Thaumaturge Experience level: 6 Strength: 3 Dexterity: 17 Constitution: 12 Intelligence: 14 Wisdom: 11 Charisma: 11 Health: 0(37) Energy: 65(65) AC: 4 Gold: 0 Moves: 2337 Your Inventory: Weapons a - a blessed +2 quarterstaff (weapon in hands) K - 6 [uncursed +0] darts (in quiver) Armor b - an uncursed +0 cloak of magic resistance (being worn) n - an [uncursed] +2 leather armor (being worn) w - a blessed +0 pair of jumping boots (being worn) I - an [uncursed +0] conical hat [cornuthaum] Comestibles r - 3 [uncursed] food rations t - an [uncursed] pancake u - an [uncursed] lembas wafer A - 2 [uncursed] food rations J - an [uncursed] apple Scrolls j - an uncursed scroll of scare monster v - an uncursed scroll of magic mapping F - an [uncursed] scroll of flood G - an [uncursed] scroll of enchant weapon M - an [uncursed] scroll labeled ABRA KA DABRA [of food detection] N - an [uncursed] scroll labeled ANDOVA BEGARIN [of enchant armor] Spellbooks l - a blessed spellbook of force bolt P - an [uncursed] spellbook of healing Potions f - a blessed potion of see invisible g - an uncursed potion of see invisible y - a cursed potion of extra healing L - an [uncursed] potion of extra healing Rings d - an uncursed +1 ring of gain dexterity (on left hand) e - an uncursed ring of slow digestion (on right hand) O - an [uncursed] glass ring [of see invisible] Wands c - an uncursed wand of cancellation (0:7) p - an uncursed wand of striking (0:5) Spells known in the end: Name Level Category Fail Memory a - force bolt 1 attack 0% [||||||||] b - detect food 2 divination 71% [||||||||] c - levitation 4 escape 100% [||||||||] d - healing 1 healing 0% [||||||||] Your skills at the end: Fighting Skills Weapon Skills quarterstaff [Basic / Expert] Spellcasting Skills attack spells [Basic / Expert] enchantment spells [Basic / Skilled] Final Attributes: You were piously aligned. Hunger level was 740. Your alignment was 20 / 21. Monster difficulty range was 0 - 5. Level difficulty was 5. You were magic-protected. You were telepathic. You could jump. You had slower digestion. Your luck was zero. You are dead. Vanquished creatures: a gnome mummy a violet fungus a guardian naga hatchling a gray ooze an elf zombie 2 floating eyes a homunculus 2 orc zombies 2 killer bees 3 hobbits 2 large kobolds a hobgoblin 2 giant rats a brown mold a red mold a gnome 4 Keystone Kops 6 geckos 9 jackals a fox 3 goblins 5 sewer rats 3 grid bugs a bat a lichen 2 newts 58 creatures vanquished. Voluntary challenges: You were an atheist. You used a wielded weapon 47 times. You read items or engraved 6 times. You put on armor 5 times. You never genocided any monsters. You never polymorphed an object. You never changed form. You used no wishes. You never wrote Elbereth's name. You never encountered a bones level. You never used any Sokoban shortcuts. Dungeon overview: The Dungeons of Doom: levels 1 to 6 Level 1 some fountains a long staircase Level 2 a general store, some fountains Level 3 a fountain Level 4 stairs to The Gnomish Mines Level 5 <- You were here The Gnomish Mines: Level 5 stairs to The Dungeons of Doom History has recorded: On T:1 you entered the Dungeons of Doom to retrieve the Amulet of Yendor! On T:381 you reached level 2 of The Dungeons of Doom. On T:394 you advanced to experience level 2. On T:724 you advanced to experience level 3. On T:862 you advanced to experience level 4. On T:973 you advanced to experience level 5. On T:1008 you reached level 3 of The Dungeons of Doom. On T:1311 you advanced to experience level 6. On T:1377 you reached level 4 of The Dungeons of Doom. On T:1486 you reached level 1 of The Gnomish Mines. On T:1797 you reached level 5 of The Dungeons of Doom. On T:1886 you reached level 6 of The Dungeons of Doom. Latest messages: [2 turns] (4x) You hit the leprechaun! [2 turns] You hit the leprechaun. [2 turns] (6x) The dog bites! (3x) [HP-15=22] [2 turns] You hit the dog. The dog bites! [HP-5=17] You miss the dog. The dog bites! (2x) [HP-9=8] You hit the dog. The dog bites! (2x) [HP-4=4] [2 turns] You miss the dog. The dog misses. The dog bites! You die... Final status: Goodbye groovejumper the Wizard... You died in The Dungeons of Doom on dungeon level 5 with 1634 points, and 0 pieces of gold, after 2337 moves. You were level 6 with a maximum of 37 hit points when you died.